[Event "Niedersachsen-ch A 2024"]
[Site "Verden Aller"]
[Date "2024.01.05"]
[Round "3.1"]
[White "Carlstedt, Jonathan"]
[Black "Jacobi, Felix-Hagen"]
[Result "0-1"]
[ECO "A47"]
[WhiteElo "2447"]
[BlackElo "2056"]
[Annotator "RC"]
[PlyCount "84"]
[EventDate "2024.01.01"]
[EventType "swiss"]
[EventCountry "GER"]
[SourceTitle "playchess.com"]
[Source "ChessBase"]
[SourceQuality "1"]
[TimeControl "40/5400+30:1800+30"]

1. d4 c5 2. c3 e6 3. Nf3 Nf6 4. Bf4 Be7 5. h3 b6 6. e3 O-O 7. Nbd2 d5 8. Ne5 Nfd7 9. Bd3 Nxe5 10. dxe5 Ba6 11. Bxa6 Nxa6 12. Qg4 Kh8 13. h4 d4 14. Rh3 dxc3 15. bxc3 Qd3 16. e4 Qc2 17. Rg3 Rg8 18. Bg5 f5 19. Qe2 Bxg5 20. hxg5 Rad8 21. Rd1 Nc7 22. g6 h6 23. exf5 Qxf5 24. Nf3 Rxd1+ 25. Qxd1 Nd5 26. Kf1 Nf4 27. Kg1 Rf8 28. Nh2 Nxg6 29. Ng4 Nxe5 30. Qe1 Ng6 31. Qe3 Kh7 32. f3 Rd8 33. Qe1 Nf4 34. Ne3 Qd3 35. Rg4 Ne2+ 36. Kf2 Nxc3 37. Nc4 Qc2+ 38. Kg3 Ne2+ 39. Kh2 Rd1 40. Qf2 Nd4 41. Qe3 Qf5 42. Ne5 Qh5+ 0-1

[Event "Niedersachsen-ch A 2024"]
[Site "Verden Aller"]
[Date "2024.01.05"]
[Round "3.2"]
[White "Loecken, Siegfried"]
[Black "Stotyn, Fabian"]
[Result "*"]
[ECO "C00"]
[WhiteElo "2014"]
[BlackElo "2139"]
[Annotator "RC"]
[PlyCount "41"]
[EventDate "2024.01.01"]
[EventType "swiss"]
[EventCountry "GER"]
[SourceTitle "playchess.com"]
[Source "ChessBase"]
[SourceQuality "1"]
[TimeControl "40/5400+30:1800+30"]

1. e4 e6 2. d3 d5 3. Nd2 Nf6 4. Ngf3 c5 5. g3 Nc6 6. Bg2 b5 7. O-O a5 8. exd5 exd5 9. d4 c4 10. a4 Ba6 11. Re1+ Be7 12. Ne5 Rc8 13. Ndf3 bxa4 14. Bh3 Rc7 15. Bf4 O-O 16. Nxf7 Rxf7 17. Bxc7 Qxc7 18. Ng5 Bc8 19. Bxc8 Qxc8 20. Nxf7 Kxf7 21. c3 *

[Event "Niedersachsen-ch A 2024"]
[Site "Verden Aller"]
[Date "2024.01.05"]
[Round "3.3"]
[White "Lichtmannecker, Daniel"]
[Black "Miljkovic, Jovana"]
[Result "*"]
[ECO "D00"]
[WhiteElo "2124"]
[BlackElo "2035"]
[Annotator "RC"]
[PlyCount "45"]
[EventDate "2024.01.01"]
[EventType "swiss"]
[EventCountry "GER"]
[SourceTitle "playchess.com"]
[Source "ChessBase"]
[SourceQuality "1"]
[TimeControl "40/5400+30:1800+30"]

1. d4 Nf6 2. Nc3 d5 3. Bf4 a6 4. e3 e6 5. g4 Bd6 6. Qf3 Bxf4 7. Qxf4 Qd6 8. Qxd6 cxd6 9. f3 h6 10. h4 Nc6 11. Nge2 b5 12. a3 Bb7 13. Bg2 Na5 14. b3 Rc8 15. Kd2 Ke7 16. g5 hxg5 17. hxg5 Nd7 18. Nf4 g6 19. Nd3 Nc6 20. f4 Nb6 21. Nf2 Nd7 22. Bf3 Ba8 23. Ng4 *

[Event "Niedersachsen-ch A 2024"]
[Site "Verden Aller"]
[Date "2024.01.05"]
[Round "3.4"]
[White "Kiesel, Lucas"]
[Black "Peters, Tom"]
[Result "*"]
[ECO "D24"]
[WhiteElo "1987"]
[BlackElo "2102"]
[Annotator "RC"]
[PlyCount "33"]
[EventDate "2024.01.01"]
[EventType "swiss"]
[EventCountry "GER"]
[SourceTitle "playchess.com"]
[Source "ChessBase"]
[SourceQuality "1"]
[TimeControl "40/5400+30:1800+30"]

1. d4 Nf6 2. c4 e6 3. Nf3 d5 4. Nc3 dxc4 5. e3 a6 6. a4 Nbd7 7. Bxc4 Bd6 8. e4 e5 9. dxe5 Nxe5 10. Nxe5 Bxe5 11. Qxd8+ Kxd8 12. Bxf7 Rf8 13. Bc4 Bxc3+ 14. bxc3 Nxe4 15. f3 Nd6 16. Bg5+ Kd7 17. O-O-O *

[Event "Niedersachsen-ch A 2024"]
[Site "Verden Aller"]
[Date "2024.01.05"]
[Round "3.5"]
[White "Celik, Abdullah"]
[Black "Koch, Yannick"]
[Result "*"]
[ECO "B15"]
[WhiteElo "2081"]
[BlackElo "1981"]
[Annotator "RC"]
[PlyCount "45"]
[EventDate "2024.01.01"]
[EventType "swiss"]
[EventCountry "GER"]
[SourceTitle "playchess.com"]
[Source "ChessBase"]
[SourceQuality "1"]
[TimeControl "40/5400+30:1800+30"]

1. e4 c6 2. d4 d5 3. Nd2 dxe4 4. Nxe4 Nf6 5. Nxf6+ exf6 6. c3 Bd6 7. Bd3 O-O 8. Ne2 Re8 9. Qc2 h5 10. Be3 Nd7 11. O-O-O Nf8 12. Kb1 Be6 13. c4 Rc8 14. Nc3 Bb4 15. Ne4 Be7 16. h3 b5 17. c5 Qa5 18. b3 Qc7 19. g4 h4 20. Nc3 b4 21. Ne2 Bd5 22. Rhg1 Ne6 23. f4 *

[Event "Niedersachsen-ch A 2024"]
[Site "Verden Aller"]
[Date "2024.01.05"]
[Round "3.6"]
[White "Nielsen, Lars Aaes"]
[Black "Ay, Furkan"]
[Result "1-0"]
[ECO "D85"]
[WhiteElo "2202"]
[BlackElo "1544"]
[Annotator "RC"]
[PlyCount "29"]
[EventDate "2024.01.01"]
[EventType "swiss"]
[EventCountry "GER"]
[SourceTitle "playchess.com"]
[Source "ChessBase"]
[SourceQuality "1"]
[TimeControl "40/5400+30:1800+30"]

1. d4 Nf6 2. Nf3 g6 3. c4 Bg7 4. Nc3 d5 5. cxd5 Nxd5 6. e4 Nxc3 7. bxc3 c5 8. Rb1 Nc6 9. Bb5 Qa5 10. Bd2 Bg4 11. d5 a6 12. c4 Qxa2 13. Ba4 b5 14. cxb5 Nd4 15. bxa6+ 1-0

[Event "Niedersachsen-ch A 2024"]
[Site "Verden Aller"]
[Date "2024.01.05"]
[Round "3.7"]
[White "Hebbinghaus, Holger"]
[Black "Kiesel, Harald"]
[Result "*"]
[ECO "C07"]
[WhiteElo "2164"]
[BlackElo "1975"]
[Annotator "RC"]
[PlyCount "34"]
[EventDate "2024.01.01"]
[EventType "swiss"]
[EventCountry "GER"]
[SourceTitle "playchess.com"]
[Source "ChessBase"]
[SourceQuality "1"]
[TimeControl "40/5400+30:1800+30"]

1. e4 e6 2. d4 d5 3. Nd2 c5 4. Ngf3 Nc6 5. exd5 Qxd5 6. Bc4 Qd7 7. dxc5 Bxc5 8. O-O Nf6 9. Qe2 O-O 10. Ne4 Nxe4 11. Qxe4 h6 12. Bf4 Qe7 13. Rad1 Bd7 14. c3 a5 15. Bd3 f5 16. Qe2 Rae8 17. Bb5 Rd8 *

[Event "Niedersachsen-ch A 2024"]
[Site "Verden Aller"]
[Date "2024.01.05"]
[Round "3.8"]
[White "Gottschalk, Siegfried"]
[Black "Lau, Udo"]
[Result "*"]
[ECO "E32"]
[WhiteElo "1939"]
[BlackElo "2071"]
[Annotator "RC"]
[PlyCount "36"]
[EventDate "2024.01.01"]
[EventType "swiss"]
[EventCountry "GER"]
[SourceTitle "playchess.com"]
[Source "ChessBase"]
[SourceQuality "1"]
[TimeControl "40/5400+30:1800+30"]

1. d4 Nf6 2. c4 e6 3. Nc3 Bb4 4. Qc2 b6 5. e4 Bb7 6. Bd3 Nc6 7. Nf3 Be7 8. a3 d6 9. O-O Nd7 10. Be3 a5 11. Rad1 Bf6 12. Rfe1 h6 13. Bf1 Qe7 14. d5 Nce5 15. Nd4 g5 16. b4 O-O 17. Be2 axb4 18. axb4 c5 *

[Event "Niedersachsen-ch A 2024"]
[Site "Verden Aller"]
[Date "2024.01.05"]
[Round "3.9"]
[White "Witthaus, Joerg"]
[Black "Sickmann, Lisa"]
[Result "*"]
[ECO "D37"]
[WhiteElo "2029"]
[BlackElo "1961"]
[Annotator "RC"]
[PlyCount "42"]
[EventDate "2024.01.01"]
[EventType "swiss"]
[EventCountry "GER"]
[SourceTitle "playchess.com"]
[Source "ChessBase"]
[SourceQuality "1"]
[TimeControl "40/5400+30:1800+30"]

1. d4 d5 2. Nf3 Nf6 3. c4 e6 4. Nc3 Be7 5. Bf4 O-O 6. e3 b6 7. Qc2 c5 8. dxc5 bxc5 9. Rd1 Bb7 10. Be2 Nbd7 11. O-O Rc8 12. Ne5 Nxe5 13. Bxe5 Nd7 14. Bg3 Nb6 15. cxd5 exd5 16. Bf3 Qd7 17. Qb3 Rfd8 18. a4 d4 19. Bxb7 Qxb7 20. exd4 cxd4 21. Nb5 Nc4 *

[Event "Niedersachsen-ch A 2024"]
[Site "Verden Aller"]
[Date "2024.01.05"]
[Round "3.10"]
[White "Martin, Dennis"]
[Black "Moeller, Tom"]
[Result "*"]
[ECO "D31"]
[WhiteElo "1991"]
[BlackElo "1677"]
[Annotator "RC"]
[PlyCount "52"]
[EventDate "2024.01.01"]
[EventType "swiss"]
[EventCountry "GER"]
[SourceTitle "playchess.com"]
[Source "ChessBase"]
[SourceQuality "1"]
[TimeControl "40/5400+30:1800+30"]

1. d4 d5 2. c4 e6 3. Nf3 c6 4. Nc3 dxc4 5. a4 Bb4 6. Bd2 Nf6 7. e3 Bxc3 8. Bxc3 b5 9. Ne5 Bb7 10. Be2 Nbd7 11. Nxd7 Qxd7 12. Bb4 a5 13. Bd2 O-O 14. O-O Ra7 15. axb5 cxb5 16. Rxa5 Rxa5 17. Bxa5 Ra8 18. Be1 Be4 19. f3 Bg6 20. e4 Ra2 21. Bc3 Qb7 22. Rf2 Nd7 23. Bf1 Nb6 24. Bb4 Ra4 25. Be1 f5 26. b3 Ra8 *

[Event "Niedersachsen-ch A 2024"]
[Site "Verden Aller"]
[Date "2024.01.05"]
[Round "3.11"]
[White "Boerma, Daniel"]
[Black "Weigand, Anton"]
[Result "*"]
[ECO "B40"]
[WhiteElo "1905"]
[BlackElo "2013"]
[Annotator "RC"]
[PlyCount "50"]
[EventDate "2024.01.01"]
[EventType "swiss"]
[EventCountry "GER"]
[SourceTitle "playchess.com"]
[Source "ChessBase"]
[SourceQuality "1"]
[TimeControl "40/5400+30:1800+30"]

1. e4 c5 2. Nf3 e6 3. d4 cxd4 4. Nxd4 Nf6 5. Bd3 Nc6 6. Nxc6 dxc6 7. O-O e5 8. Nd2 Be6 9. Qe2 Qc7 10. Nc4 Bc5 11. h3 b5 12. Ne3 O-O 13. a4 a6 14. Qf3 Ne8 15. axb5 cxb5 16. Bxb5 Nd6 17. Bd3 Nb5 18. c3 Rfb8 19. Nd5 Bxd5 20. exd5 Nd6 21. Re1 f6 22. Ra4 Qf7 23. b4 Bb6 24. Be3 Qe8 25. Bxb6 Qxa4 *

[Event "Niedersachsen-ch A 2024"]
[Site "Verden Aller"]
[Date "2024.01.05"]
[Round "3.12"]
[White "Buecklers, Martin"]
[Black "Schulz, Jens"]
[Result "0-1"]
[ECO "B22"]
[WhiteElo "1877"]
[BlackElo "2152"]
[Annotator "RC"]
[PlyCount "80"]
[EventDate "2024.01.01"]
[EventType "swiss"]
[EventCountry "GER"]
[SourceTitle "playchess.com"]
[Source "ChessBase"]
[SourceQuality "1"]
[TimeControl "40/5400+30:1800+30"]

1. e4 c5 2. Nf3 Nc6 3. c3 d5 4. exd5 Qxd5 5. d4 e6 6. Be3 cxd4 7. cxd4 Nf6 8. Nc3 Qd6 9. Rc1 Be7 10. Bd3 O-O 11. h3 a6 12. O-O Nb4 13. Bb1 b5 14. Ng5 Bb7 15. a3 Nbd5 16. Nce4 Nxe4 17. Nxe4 Nxe3 18. fxe3 Qd5 19. Rc7 Bd8 20. Rc5 Qd7 21. Nf6+ Bxf6 22. Rxf6 g6 23. h4 Rac8 24. Re5 Kg7 25. Qf1 Qc6 26. Be4 Qc7 27. Rc5 Qe7 28. Rxc8 Rxc8 29. Bxb7 Qxb7 30. Rf4 f5 31. Qd3 Qd5 32. Rf2 Rc1+ 33. Kh2 Qd6+ 34. g3 Qc6 35. Rg2 Qf3 36. Qd2 Qf1 37. g4 fxg4 38. Qb4 Qh1+ 39. Kg3 Qh3+ 40. Kf4 Qf3+ 0-1

[Event "Niedersachsen-ch A 2024"]
[Site "Verden Aller"]
[Date "2024.01.05"]
[Round "3.13"]
[White "Schiller, Jan-Hendrik"]
[Black "Trunz, Michelle"]
[Result "*"]
[ECO "A11"]
[WhiteElo "1881"]
[BlackElo "2023"]
[Annotator "RC"]
[PlyCount "39"]
[EventDate "2024.01.01"]
[EventType "swiss"]
[EventCountry "GER"]
[SourceTitle "playchess.com"]
[Source "ChessBase"]
[SourceQuality "1"]
[TimeControl "40/5400+30:1800+30"]

1. Nf3 d5 2. g3 Nf6 3. Bg2 c6 4. O-O Bf5 5. c4 e6 6. cxd5 exd5 7. d3 Be7 8. Nc3 O-O 9. Qc2 Na6 10. a3 Rc8 11. e4 Be6 12. h3 c5 13. Ng5 Qd7 14. Nxe6 fxe6 15. exd5 exd5 16. Bg5 Nc7 17. Qb3 Rfd8 18. Rfe1 h6 19. Bf4 Ne6 20. Be5 *

[Event "Niedersachsen-ch A 2024"]
[Site "Verden Aller"]
[Date "2024.01.05"]
[Round "3.14"]
[White "Monnerjahn, Lukas"]
[Black "Hoellmann, Ludger"]
[Result "0-1"]
[ECO "E04"]
[WhiteElo "1856"]
[BlackElo "2015"]
[Annotator "NA RC"]
[PlyCount "94"]
[EventDate "2024.01.01"]
[EventType "swiss"]
[EventCountry "GER"]
[SourceTitle "playchess.com"]
[Source "ChessBase"]
[SourceQuality "1"]
[TimeControl "40/5400+30:1800+30"]

1. d4 d5 2. c4 e6 3. Nf3 Nf6 4. g3 dxc4 5. Bg2 c5 $11 6. Qc2 Nc6 7. dxc5 Qa5+ 8. Nbd2 e5 9. O-O Qxc5 10. Nxc4 Be6 11. Na3 Rc8 12. Be3 Qxc2 13. Nxc2 Be7 14. b3 O-O 15. Bg5 h6 16. Bxf6 Bxf6 17. e4 Be7 18. Ne3 Bc5 19. Nd5 Rfd8 20. Rfd1 f6 21. a3 a5 22. a4 Kf7 23. Rac1 Nd4 24. Nxd4 Bxd4 25. Bf1 f5 26. Rxc8 Rxc8 27. Bc4 fxe4 28. Kg2 Bg4 29. Re1 Bf3+ 30. Kf1 Kf8 31. Rc1 Rc6 32. Rc2 h5 33. h3 g5 34. Rd2 Kg7 35. Ne7 Rf6 36. Nd5 Rf8 37. Kg1 h4 38. g4 e3 39. Nxe3 Bxe3 40. fxe3 Bc6 41. Rf2 Rf6 42. Kf1 Bf3 43. Ke1 Be4 44. Rxf6 Kxf6 45. Bf1 Ke6 46. Kd2 Kd6 47. Kc3 Kc5 0-1

[Event "Niedersachsen-ch A 2024"]
[Site "Verden Aller"]
[Date "2024.01.05"]
[Round "3.15"]
[White "Kelemen, Alexander"]
[Black "Stoy, Ulf"]
[Result "1-0"]
[ECO "B06"]
[WhiteElo "1817"]
[BlackElo "1985"]
[Annotator "NA RC"]
[PlyCount "89"]
[EventDate "2024.01.01"]
[EventType "swiss"]
[EventCountry "GER"]
[SourceTitle "playchess.com"]
[Source "ChessBase"]
[SourceQuality "1"]
[TimeControl "40/5400+30:1800+30"]

1. d4 g6 2. e4 Bg7 3. Nc3 d6 4. Be3 c6 5. Qd2 b5 6. Bd3 Nd7 7. Nf3 a6 8. Ne2 Qc7 9. c3 Bb7 10. Ng3 Rc8 11. O-O e5 12. a4 Ngf6 13. Bh6 O-O 14. Bxg7 Kxg7 15. h3 Rce8 16. Rfe1 Ng8 17. h4 f6 18. h5 Rf7 19. Nh4 Nf8 20. Bc2 Bc8 21. axb5 axb5 22. Bb3 Be6 23. d5 cxd5 24. Bxd5 Bxd5 25. Qxd5 Ne7 26. Qxb5 Rb8 27. Qe2 Ne6 28. Ra2 Nf4 29. Qd2 d5 30. Rea1 dxe4 31. Nxe4 Rd8 32. Qc2 Qd7 33. g3 Nxh5 34. Ng2 Nd5 35. Ra6 Qh3 36. Rd6 Rfd7 37. Rxd7+ Rxd7 38. Qa4 Ndf4 39. gxf4 exf4 40. Qc4 f3 41. Ne3 Nf4 42. Ng3 Re7 43. Qxf4 Rxe3 44. Ra7+ Kg8 45. Qb8+ 1-0

[Event "Niedersachsen-ch A 2024"]
[Site "Verden Aller"]
[Date "2024.01.05"]
[Round "3.16"]
[White "Kieselbach, Marvin"]
[Black "Stein, Luis"]
[Result "*"]
[ECO "B10"]
[WhiteElo "1926"]
[BlackElo "1762"]
[Annotator "RC"]
[PlyCount "29"]
[EventDate "2024.01.01"]
[EventType "swiss"]
[EventCountry "GER"]
[SourceTitle "playchess.com"]
[Source "ChessBase"]
[SourceQuality "1"]
[TimeControl "40/5400+30:1800+30"]

1. e4 c6 2. Nf3 d5 3. d3 g6 4. e5 f6 5. d4 Bg7 6. Bf4 fxe5 7. Nxe5 Qb6 8. b3 Nf6 9. Be2 Nbd7 10. O-O O-O 11. g3 Ne4 12. Bf3 Nxe5 13. dxe5 Bh3 14. Bg2 Bxg2 15. Kxg2 *

[Event "Niedersachsen-ch A 2024"]
[Site "Verden Aller"]
[Date "2024.01.05"]
[Round "3.17"]
[White "Tenne, Fabian"]
[Black "Reins, Henning"]
[Result "0-1"]
[ECO "A08"]
[WhiteElo "1817"]
[BlackElo "1950"]
[Annotator "NA RC"]
[PlyCount "82"]
[EventDate "2024.01.01"]
[EventType "swiss"]
[EventCountry "GER"]
[SourceTitle "playchess.com"]
[Source "ChessBase"]
[SourceQuality "1"]
[TimeControl "40/5400+30:1800+30"]

1. Nf3 Nf6 2. g3 d5 3. Bg2 c5 4. O-O Nc6 5. d3 e5 6. Nbd2 h5 7. c4 d4 8. a3 a5 9. Re1 Bf5 10. Nh4 Be6 11. Ndf3 Nh7 12. Qa4 Bd6 13. Bh1 g5 14. Ng2 h4 15. Rd1 hxg3 16. hxg3 Qf6 17. Nge1 Qh6 18. b4 Nf8 19. Bg2 f6 20. bxc5 Bc7 21. Nh4 Bd7 22. Qb3 Rb8 23. e4 Qh7 24. Nf5 Ne6 25. Nd6+ Ke7 26. Nf5+ Kd8 27. g4 Ne7 28. Nxe7 Kxe7 29. a4 Qh2+ 30. Kf1 Nf4 31. Bxf4 Qxf4 32. Rdb1 Bxg4 33. Qc2 Rh4 34. Rb2 Rbh8 35. f3 Rh1+ 36. Kf2 Qe3+ 37. Kg3 Qf4+ 38. Kf2 Qe3+ 39. Kg3 Rg1 40. Qd2 Rxg2+ 41. Nxg2 Qxf3# 0-1

[Event "Niedersachsen-ch A 2024"]
[Site "Verden Aller"]
[Date "2024.01.05"]
[Round "3.18"]
[White "Ehlert, Horst"]
[Black "Carsten, Juergen"]
[Result "1/2-1/2"]
[ECO "A20"]
[WhiteElo "1940"]
[BlackElo "1749"]
[Annotator "NA RC"]
[PlyCount "99"]
[EventDate "2024.01.01"]
[EventType "swiss"]
[EventCountry "GER"]
[SourceTitle "playchess.com"]
[Source "ChessBase"]
[SourceQuality "1"]
[TimeControl "40/5400+30:1800+30"]

1. c4 e5 2. g3 c6 3. d4 Bb4+ 4. Bd2 Bxd2+ 5. Qxd2 exd4 6. Qxd4 Qf6 7. Nf3 Na6 8. Nc3 Qxd4 9. Nxd4 Nf6 10. Bg2 O-O 11. O-O g6 12. Rad1 Nc7 13. e4 Ne6 14. h3 Nh5 15. Kh2 Nhg7 16. f4 f5 17. Nf3 fxe4 18. Nxe4 Nf5 19. Rfe1 b6 20. Nd6 Nxd6 21. Rxd6 Rf7 22. Ne5 Re7 23. Red1 Nf8 24. h4 a5 25. Bh3 b5 26. c5 b4 27. Bxd7 Bxd7 28. Nxd7 Nxd7 29. Rxd7 Re2+ 30. Kh3 Rxb2 31. Rb7 Rxa2 32. Rdd7 h5 33. Rg7+ Kh8 34. Rxg6 a4 35. Rh6+ Kg8 36. Rxb4 a3 37. Rb6 Rh2+ 38. Kxh2 a2 39. Rxh5 a1=Q 40. Rg5+ Kf8 41. Rb7 Qa2+ 42. Kh3 Ra7 43. Rxa7 Qxa7 44. h5 Qh7 45. Kh4 Qe4 46. Re5 Qf3 47. Rf5+ Kg7 48. Rg5+ Kh7 49. Re5 Kh6 50. Re6+ 1/2-1/2

[Event "Niedersachsen-ch A 2024"]
[Site "Verden Aller"]
[Date "2024.01.05"]
[Round "3.19"]
[White "Kieselbach, Jannik"]
[Black "Schramm, Kilian"]
[Result "*"]
[ECO "B22"]
[WhiteElo "1885"]
[BlackElo "1729"]
[Annotator "NA RC"]
[PlyCount "30"]
[EventDate "2024.01.01"]
[EventType "swiss"]
[EventCountry "GER"]
[SourceTitle "playchess.com"]
[Source "ChessBase"]
[SourceQuality "1"]
[TimeControl "40/5400+30:1800+30"]

1. e4 c5 2. c3 d5 3. exd5 Nf6 4. d4 Nxd5 5. Nf3 cxd4 $11 6. Qxd4 Nc6 7. Bb5 Bf5 8. Ne5 Qd6 9. O-O Bd7 10. Bxc6 Bxc6 11. Nxc6 Qxc6 12. c4 Nf6 13. b3 e6 14. Bb2 Bc5 15. Qh4 O-O-O *

[Event "Niedersachsen-ch A 2024"]
[Site "Verden Aller"]
[Date "2024.01.05"]
[Round "3.20"]
[White "Kozik, Andreas"]
[Black "Zweigait, Leon"]
[Result "*"]
[ECO "A47"]
[WhiteElo "1912"]
[BlackElo "1526"]
[Annotator "RC"]
[PlyCount "41"]
[EventDate "2024.01.01"]
[EventType "swiss"]
[EventCountry "GER"]
[SourceTitle "playchess.com"]
[Source "ChessBase"]
[SourceQuality "1"]
[TimeControl "40/5400+30:1800+30"]

1. d4 Nf6 2. Nf3 e6 3. Bf4 b6 4. e3 Bb7 5. Nbd2 g6 6. c3 Bg7 7. h3 d6 8. Be2 Nbd7 9. O-O Qe7 10. Bh2 O-O 11. a4 h6 12. a5 Rad8 13. axb6 axb6 14. Ra7 Rb8 15. b4 e5 16. Qb3 Rfe8 17. Rfa1 Nh7 18. Ba6 Bxa6 19. R1xa6 Rbc8 20. b5 Ng5 21. Bg3 *

[Event "Niedersachsen-ch A 2024"]
[Site "Verden Aller"]
[Date "2024.01.05"]
[Round "3.21"]
[White "Hoke, Adrian"]
[Black "Seer, Maurice"]
[Result "1/2-1/2"]
[ECO "C88"]
[WhiteElo "1765"]
[BlackElo "1912"]
[Annotator "NA RC"]
[PlyCount "98"]
[EventDate "2024.01.01"]
[EventType "swiss"]
[EventCountry "GER"]
[SourceTitle "playchess.com"]
[Source "ChessBase"]
[SourceQuality "1"]
[TimeControl "40/5400+30:1800+30"]

1. e4 e5 2. Nf3 Nc6 3. Bb5 a6 4. Ba4 Nf6 5. O-O Be7 6. Re1 b5 7. Bb3 O-O 8. a4 b4 9. c3 d6 10. d3 Rb8 11. Nbd2 Na5 12. Bc2 c5 13. Nb3 Nc6 14. Nbd2 Qc7 15. c4 Bg4 16. h3 Bh5 17. g4 Nxg4 18. hxg4 Bxg4 19. d4 Nxd4 20. Bd3 Qd7 21. Be2 Nxe2+ 22. Qxe2 f5 23. Qd3 fxe4 24. Qxe4 Rf4 25. Qd5+ Be6 26. Nxe5 dxe5 27. Qxd7 Bxd7 28. Rxe5 Rg4+ 29. Kf1 Bf8 30. b3 Re8 31. Bb2 g6 32. Rae1 Rxe5 33. Bxe5 Bf5 34. f3 Rh4 35. Kg2 Kf7 36. Re2 Be7 37. Re1 g5 38. Nf1 Rh6 39. Ne3 Bh3+ 40. Kg3 Bc8 41. Nd5 Bd6 42. Bxd6 Rxd6 43. Re7+ Kg6 44. Rc7 Be6 45. Rxc5 Bxd5 46. cxd5 Kf5 47. Rc4 h5 48. Rxb4 Rxd5 49. Rb8 a5 1/2-1/2

[Event "Niedersachsen-ch A 2024"]
[Site "Verden Aller"]
[Date "2024.01.05"]
[Round "3.22"]
[White "Soellig, Martin"]
[Black "Rausch, Darius"]
[Result "*"]
[ECO "B25"]
[WhiteElo "1892"]
[BlackElo "1742"]
[Annotator "NA RC"]
[PlyCount "46"]
[EventDate "2024.01.01"]
[EventType "swiss"]
[EventCountry "GER"]
[SourceTitle "playchess.com"]
[Source "ChessBase"]
[SourceQuality "1"]
[TimeControl "40/5400+30:1800+30"]

1. e4 c5 2. Nc3 g6 3. g3 Bg7 4. Bg2 d6 5. Nge2 e6 6. d3 Nc6 7. O-O Nge7 8. Bg5 Rb8 9. Qd2 h6 10. Be3 b5 11. a3 a5 12. Rae1 b4 13. axb4 axb4 14. Nd1 Ba6 15. f4 Qb6 16. g4 f5 17. exf5 gxf5 18. Ng3 Kd7 19. Qe2 Rbe8 20. Nh5 Nd4 21. Bxd4 Bxd4+ 22. Kh1 Rhg8 23. Qxe6+ Kc7 *

[Event "Niedersachsen-ch A 2024"]
[Site "Verden Aller"]
[Date "2024.01.05"]
[Round "3.23"]
[White "Ahlbrecht, Malte"]
[Black "Thomas, Jeremy"]
[Result "1-0"]
[ECO "B22"]
[WhiteElo "1727"]
[BlackElo "1893"]
[Annotator "NA RC"]
[PlyCount "107"]
[EventDate "2024.01.01"]
[EventType "swiss"]
[EventCountry "GER"]
[SourceTitle "playchess.com"]
[Source "ChessBase"]
[SourceQuality "1"]
[TimeControl "40/5400+30:1800+30"]

1. e4 c5 2. c3 d5 3. exd5 Qxd5 4. d4 cxd4 5. cxd4 Nc6 6. Be3 Nf6 7. Nc3 Qa5 8. d5 Nb4 9. a3 Na6 10. b4 Qd8 11. Qb3 Nc7 12. Bc4 Bd7 13. Nf3 b5 14. Be2 g6 15. Ne5 a6 16. Bb6 Qc8 17. Bf3 Rb8 18. Bxc7 Qxc7 19. d6 Qxd6 20. Qxf7+ Kd8 21. Nxd7 Nxd7 22. Rd1 Qe5+ 23. Ne4 Kc7 24. O-O Bh6 25. Rxd7+ Kxd7 26. Nc5+ Kc7 27. Nxa6+ Kb6 28. Nxb8 Rxb8 29. Qxh7 Bf4 30. Qxg6+ Ka7 31. Qh5 Qd6 32. Qc5+ Ka6 33. Qxd6+ exd6 34. g3 Be5 35. Rd1 Rc8 36. Rd3 Rc3 37. Be2 Kb6 38. Rd5 Rxa3 39. Rxb5+ Kc6 40. Ra5 Rb3 41. b5+ Kc5 42. Ra2 d5 43. Rc2+ Bc3 44. h4 Kd4 45. Kg2 Ke4 46. Rc1 d4 47. Rd1 Bb2 48. h5 Ba3 49. h6 Bd6 50. Bf3+ Rxf3 51. Re1+ Re3 52. fxe3 d3 53. h7 Be5 54. b6 1-0

[Event "Niedersachsen-ch A 2024"]
[Site "Verden Aller"]
[Date "2024.01.05"]
[Round "3.24"]
[White "Bulygin, Anton"]
[Black "Wilmink, Anna"]
[Result "*"]
[ECO "A36"]
[WhiteElo "2040"]
[BlackElo "1822"]
[Annotator "RC"]
[PlyCount "54"]
[EventDate "2024.01.01"]
[EventType "swiss"]
[EventCountry "GER"]
[SourceTitle "playchess.com"]
[Source "ChessBase"]
[SourceQuality "1"]
[TimeControl "40/5400+30:1800+30"]

1. e4 c5 2. c4 Nc6 3. Nc3 g6 4. g3 Bg7 5. Bg2 e6 6. Nge2 Nge7 7. d3 O-O 8. O-O a6 9. Bf4 d6 10. Qd2 Nd4 11. Nxd4 cxd4 12. Ne2 e5 13. Bh6 Rb8 14. Bxg7 Kxg7 15. f4 f5 16. fxe5 dxe5 17. b4 Bd7 18. a4 fxe4 19. Rxf8 Qxf8 20. dxe4 Nc8 21. Nxd4 Qe8 22. Nf3 Bg4 23. b5 Bxf3 24. Bxf3 Qe7 25. Qe3 axb5 26. axb5 Nd6 27. Be2 b6 *

[Event "Niedersachsen-ch A 2024"]
[Site "Verden Aller"]
[Date "2024.01.05"]
[Round "3.25"]
[White "Drygala, Lars"]
[Black "Hesse, Juergen"]
[Result "1-0"]
[ECO "A48"]
[WhiteElo "1869"]
[BlackElo "1931"]
[Annotator "NA RC"]
[PlyCount "123"]
[EventDate "2024.01.01"]
[EventType "swiss"]
[EventCountry "GER"]
[SourceTitle "playchess.com"]
[Source "ChessBase"]
[SourceQuality "1"]
[TimeControl "40/5400+30:1800+30"]

1. d4 Nf6 2. Nf3 g6 3. Bf4 Bg7 4. e3 d6 5. Be2 O-O 6. O-O Nbd7 7. h3 b6 8. a4 a5 9. c3 Bb7 10. Qb3 Qe8 11. Na3 e5 12. Bh2 Qe7 13. Nb5 Rac8 14. Qa3 Ne4 15. Rad1 f5 16. Qb3+ Kh8 17. Qc4 Ba6 18. Qb3 c6 19. Nxd6 Bxe2 20. Nxc8 Rxc8 21. dxe5 Bxf1 22. Kxf1 Nec5 23. Qa2 Re8 24. e6 Nxe6 25. Bg3 Nf6 26. Ne5 Rd8 27. Rxd8+ Nxd8 28. Qc4 Ne4 29. Nxc6 Nxg3+ 30. fxg3 Qc7 31. Nxa5 Qd7 32. Nb3 h6 33. Nd4 Qd6 34. Qc8 Kh7 35. b4 h5 36. a5 Bxd4 37. exd4 bxa5 38. bxa5 Qxg3 39. Qxd8 Qd3+ 40. Kf2 Qd2+ 41. Kf3 Qxc3+ 42. Kf4 Qd2+ 43. Ke5 Qxg2 44. Kf6 Qc6+ 45. Kf7 f4 46. Qg8+ Kh6 47. Qh8+ Kg5 48. Qe5+ Kh4 49. Qxf4+ Kxh3 50. Qe5 h4 51. Qe6+ Qxe6+ 52. Kxe6 g5 53. a6 g4 54. a7 g3 55. a8=Q g2 56. Qf3+ Kh2 57. Qf4+ Kh3 58. Qf3+ Kh2 59. Qf2 h3 60. Kf5 Kh1 61. Kg4 h2 62. Kh3 1-0